AoeStats
← 体制少妇白洁

Arena

507523664Analyzed
4v4 RM · 13d ago on Sep 18, 2026· 78m 28s· 8 players
Game mode
Random Map
Map size
Large (8 player)
Population
200
Speed
Normal
Resources
Standard
Victory
Conquest
Starting age
Dark Age
Ending age
Imperial Age
RankedLock teamsTeams togetherTeam positionsShared explorationLock speedFull tech treeHidden civsTurbo modeCheats
Victory
Defeat
🇦🇺 Bulgarians · Australia
1561
+11
🇭🇰 Bengalis · Hong Kong SAR China
1528
+13
🇨🇳 Britons · China
1473
+15
🇨🇳 Shu · China
1428
+17
🇫🇷 Malians · France
1502
-16
🇨🇿 Burgundians · Czechia
1452
-14
🇹🇼 Gurjaras · Taiwan
1443
-14
🇫🇷 Cumans · France
1410
-12
名偵探柯北
10:20 Feudal Age
14:37 Castle Age
14:44 Castle Age
12:59 Double-Bit Axe
13:14 Horse Collar
14:59 Loom
16:47 Bow Saw
27:53 Wheelbarrow
27:22 Gold Mining
31:02 Hand Cart
38:05 Gold Shaft Mining
38:09 Man-at-Arms
38:53 Long Swordsman
42:34 Scale Mail Armor
42:45 Forging
43:45 Chain Mail Armor
44:56 Iron Casting
48:23 Imperial Age
47:04 Fletching
47:15 Padded Archer Armor
48:50 Murder Holes
49:05 Careening
48:26 Two-Handed Swordsman
48:47 Elite Elephant Archer
50:11 Bodkin Arrow
50:12 Stone Mining
51:39 Caravan
54:38 Fortified Wall
55:12 Heavy Plow
56:38 Bracer
57:06 Ballistics
57:41 Leather Archer Armor
59:08 Chemistry
61:20 Plate Mail Armor
64:26 Thumb Ring
Rakosnik
4:03 Double-Bit Axe
7:50 Horse Collar
10:35 Feudal Age
14:54 Castle Age
13:32 Bow Saw
13:45 Heavy Plow
14:19 Gold Mining
20:53 Wheelbarrow
20:41 Cavalier
21:20 Loom
23:46 Hand Cart
26:11 Gold Shaft Mining
25:28 Town Watch
28:51 Imperial Age
26:45 Husbandry
26:55 Scale Barding Armor
27:04 Stone Mining
27:52 Devotion
28:34 Chain Barding Armor
28:24 Forging
29:17 Paladin
31:08 Plate Barding Armor
32:16 Light Cavalry
35:17 Conscription
35:47 Iron Casting
40:19 Burgundian Vineyards
42:07 Fletching
43:20 Blast Furnace
43:40 Bodkin Arrow
45:07 Chemistry
46:47 Caravan
49:17 Hussar
57:09 Coinage
Wizo
10:32 Feudal Age
10:26 Loom
14:18 Castle Age
12:40 Double-Bit Axe
13:06 Horse Collar
15:53 Bow Saw
18:21 Loom
21:05 Wheelbarrow
22:44 Hand Cart
22:32 Heavy Plow
27:34 Imperial Age
26:24 Coinage
26:11 Gold Mining
26:12 Stone Mining
26:35 Bloodlines
26:25 Husbandry
27:58 Scale Barding Armor
28:04 Forging
27:53 Cavalier
29:17 Chain Barding Armor
30:47 Iron Casting
31:45 Banking
31:37 Heavy Camel Rider
32:23 Town Watch
32:46 Farimba
33:27 Conscription
33:28 Fletching
37:09 Plate Barding Armor
36:48 Bodkin Arrow
37:55 Chemistry
41:54 Masonry
46:41 Guilds
48:31 Light Cavalry
50:42 Padded Archer Armor
52:25 Guard Tower
52:31 Murder Holes
53:07 Architecture
54:52 Keep
54:38 Ballistics
57:43 Leather Archer Armor
57:10 Treadmill Crane
59:26 Caravan
73:08 Fortified Wall
Drakhaon
6:32 Loom
9:04 Feudal Age
10:59 Fletching
11:39 Double-Bit Axe
14:15 Horse Collar
21:02 Wheelbarrow
21:49 Gold Mining
25:28 Castle Age
29:35 Imperial Age
28:15 Bodkin Arrow
28:31 Bow Saw
28:26 Heavy Plow
30:30 Ballistics
30:22 Padded Archer Armor
31:07 Conscription
31:00 Steppe Husbandry
33:55 Chemistry
34:19 Thumb Ring
36:18 Bloodlines
36:24 Leather Archer Armor
38:05 Ring Archer Armor
36:57 Elite Skirmisher
39:41 Hand Cart
40:28 Two-Man Saw
39:59 Crop Rotation
43:40 Parthian Tactics
43:22 Elite Kipchak
44:22 Town Watch
51:21 Capped Ram
52:17 Siege Ram
56:42 Gold Shaft Mining
65:02 Masonry
67:03 Scale Barding Armor
68:52 Pikeman
69:33 Squires
69:34 Scale Mail Armor
72:23 Onager
74:30 Chain Mail Armor
体制少妇白洁
11:22 Feudal Age
13:04 Double-Bit Axe
15:39 Castle Age
13:29 Horse Collar
17:26 Bow Saw
18:16 Wheelbarrow
22:51 Heavy Plow
24:28 Hand Cart
25:37 Gold Mining
26:35 Loom
28:03 Gold Shaft Mining
30:09 Imperial Age
28:44 Scale Barding Armor
28:50 Forging
28:51 Bloodlines
29:33 Husbandry
29:54 Chain Barding Armor
31:51 Plate Barding Armor
31:09 Elite Battle Elephant
32:29 Conscription
33:24 Iron Casting
32:57 Paiks
34:14 Two-Man Saw
35:55 Blast Furnace
35:44 Scale Mail Armor
36:21 Squires
36:40 Chain Mail Armor
37:45 Chemistry
36:11 Pikeman
36:41 Halberdier
44:16 Mahayana
46:04 Caravan
45:55 Light Cavalry
46:30 Fletching
46:41 Padded Archer Armor
48:04 Siege Elephant
50:46 Elite Skirmisher
52:21 Bodkin Arrow
52:42 Leather Archer Armor
52:49 Ballistics
52:43 Elite Elephant Archer
54:06 Bracer
56:22 Ring Archer Armor
59:18 Siege Engineers
60:26 Guilds
60:46 Coinage
67:19 Banking
74:35 Shipwright
可爱透耀人
10:26 Feudal Age
10:12 Loom
14:59 Castle Age
13:22 Double-Bit Axe
27:57 Horse Collar
29:44 Wheelbarrow
34:40 Imperial Age
34:45 Scale Mail Armor
38:52 Chain Mail Armor
43:40 Gold Mining
45:11 Plate Mail Armor
45:51 Hand Cart
46:33 Masonry
47:40 Town Watch
47:52 Stone Mining
48:13 Murder Holes
49:18 Conscription
49:42 Town Watch
61:00 Squires
60:23 Pikeman
62:47 Bow Saw
63:31 Forging
63:53 Plate Mail Armor
63:33 Forging
70:01 Two-Man Saw
70:06 Heavy Plow
71:16 Halberdier
72:18 Squires
74:43 Caravan
74:53 Guilds
Mau5
10:54 Feudal Age
14:26 Castle Age
13:33 Stone Mining
13:30 Double-Bit Axe
13:51 Loom
14:02 Gold Mining
17:28 Fletching
17:47 Town Watch
18:04 Bodkin Arrow
28:19 Scale Barding Armor
31:54 Ballistics
33:24 Horse Collar
34:35 Bow Saw
36:51 Heavy Plow
40:44 Imperial Age
38:24 Scale Mail Armor
39:13 Chain Mail Armor
39:09 Forging
39:28 Squires
38:49 Pikeman
40:33 Iron Casting
40:16 Gambesons
40:16 Arson
40:47 Halberdier
42:01 Plate Mail Armor
42:45 Blast Furnace
45:05 Bagains
46:41 Bracer
51:56 Caravan
52:59 Siege Engineers
53:55 Chemistry
53:06 Masonry
52:50 Heavy Scorpion
55:48 Conscription
58:52 Capped Ram
63:23 Siege Ram
66:47 Wheelbarrow
70:37 Architecture
70:07 Murder Holes
72:37 Coinage
73:51 Banking
cookie tin
10:10 Feudal Age
11:19 Double-Bit Axe
14:06 Castle Age
12:29 Horse Collar
15:09 Bow Saw
15:38 Wheelbarrow
15:59 Heavy Plow
18:39 Loom
23:16 Hand Cart
22:52 Town Watch
23:30 Gold Mining
28:30 Imperial Age
26:30 Fletching
27:03 Ballistics
26:50 Crossbowman
27:28 Bodkin Arrow
27:33 Treadmill Crane
28:40 Stone Mining
29:27 Gold Shaft Mining
29:16 Bracer
30:26 Chemistry
31:43 Yeomen
30:50 Arbalester
32:12 Padded Archer Armor
31:47 Pikeman
32:27 Squires
32:29 Scale Mail Armor
32:56 Conscription
33:14 Halberdier
34:32 Chain Mail Armor
34:55 Leather Archer Armor
34:57 Masonry
35:05 Guard Tower
36:32 Ring Archer Armor
37:26 Two-Man Saw
37:00 Plate Mail Armor
37:06 Forging
38:08 Architecture
39:05 Iron Casting
38:46 Scale Barding Armor
38:31 Arrowslits
40:41 Blast Furnace
39:44 Murder Holes
40:02 Warwolf
43:29 Keep
44:07 Siege Engineers
44:26 Guilds
54:04 Fortified Wall
55:17 Gambesons
55:18 Arson
55:23 Sappers
58:47 Chain Barding Armor
58:25 Man-at-Arms
58:31 Elite Skirmisher
60:21 Plate Barding Armor
60:15 Light Cavalry
60:55 Husbandry
64:15 Coinage
63:46 Caravan
64:30 Cavalier
66:44 Banking
68:38 Long Swordsman
69:01 Capped Ram
69:46 Two-Handed Swordsman
72:59 Hoardings
73:05 Hoardings
73:05 Champion
Connection lost

Rejoining the realm…

Still unreachable

The connection could not be restored.

Session expired

The server has moved on; the page needs a fresh start.